AoeStats
← Irving Legend

Coastal Forest

503640350Analyzed
2v2 RM · 1mo ago on Sep 1, 2026· 51m 50s· 4 players
Game mode
Random Map
Map size
Medium (4 player)
Population
200
Speed
Normal
Resources
Standard
Victory
Conquest
Starting age
Dark Age
Ending age
Imperial Age
RankedLock teamsTeams togetherTeam positionsShared explorationLock speedFull tech treeHidden civsTurbo modeCheats
Victory
Defeat
🇨🇴 Britons · Colombia
1130
+13
🇨🇦 Romans · Canada
1111
+14
🇩🇪 Teutons · Germany
1098
-15
🇨🇭 Khmer · Switzerland
1038
-12
Afterglow
12:26 Feudal Age
20:46 Wheelbarrow
20:00 Double-Bit Axe
23:40 Castle Age
21:23 Horse Collar
22:45 Man-at-Arms
23:39 Scale Mail Armor
23:49 Forging
25:26 Long Swordsman
27:58 Chain Mail Armor
33:19 Stone Mining
33:22 Gold Mining
33:48 Bow Saw
42:09 Imperial Age
41:23 Squires
44:19 Pikeman
44:45 Gambesons
44:49 Arson
45:37 Plate Mail Armor
45:42 Iron Casting
44:57 Halberdier
48:22 Hand Cart
Dyragor
11:07 Feudal Age
11:52 Loom
17:12 Castle Age
15:35 Horse Collar
16:13 Double-Bit Axe
17:36 Bloodlines
20:22 Wheelbarrow
21:08 Husbandry
22:33 Scale Barding Armor
23:28 Bow Saw
23:21 Heavy Plow
23:39 Forging
25:20 Gold Mining
27:14 Iron Casting
31:14 Hand Cart
32:32 Town Watch
34:48 Fletching
35:21 Chain Barding Armor
35:02 Padded Archer Armor
36:29 Light Cavalry
39:52 Imperial Age
38:05 Gold Shaft Mining
37:21 Stone Mining
38:14 Ballistics
38:07 Masonry
39:19 Bodkin Arrow
40:09 Hussar
41:22 Conscription
41:02 Elite Ballista Elephant
42:35 Plate Barding Armor
46:16 Chemistry
49:04 Crop Rotation
49:10 Siege Engineers
50:53 Double Crossbow
Thousk_
7:16 Loom
9:36 Feudal Age
12:40 Double-Bit Axe
13:03 Fletching
21:09 Castle Age
21:07 Scale Mail Armor
21:30 Crossbowman
22:09 Bodkin Arrow
23:39 Gold Mining
27:34 Ballistics
34:05 Stone Mining
40:43 Imperial Age
41:27 Bracer
43:01 Arbalester
46:35 Chemistry
45:50 Padded Archer Armor
50:58 Leather Archer Armor
Irving Legend
7:34 Loom
10:22 Feudal Age
10:25 Man-at-Arms
10:56 Double-Bit Axe
12:35 Town Watch
15:09 Horse Collar
18:40 Scale Mail Armor
20:57 Castle Age
21:01 Pikeman
21:38 Long Swordsman
24:38 Chain Mail Armor
24:58 Squires
25:04 Fishing Lines
28:30 Forging
32:46 Gillnets
37:24 Bow Saw
37:06 Stone Mining
37:07 Gold Mining
40:46 Imperial Age
41:21 Heavy Plow
41:52 Conscription
41:16 Halberdier
42:11 Onager
43:29 Masonry
44:10 Siege Engineers
47:03 Architecture
47:36 Chemistry
49:25 Wheelbarrow
50:14 Gold Shaft Mining
50:10 Crop Rotation
51:09 Architecture
Connection lost

Rejoining the realm…

Still unreachable

The connection could not be restored.

Session expired

The server has moved on; the page needs a fresh start.